 Dungeon Crawl Stone Soup version 0.31-a0-716-gc7603755dd (webtiles) character file.

Game seed: 17320133953467020712

140 Ordine the Ruffian (level 5, -3/34 HPs)
             Began as an Octopode Shapeshifter on Sept 9, 2023.
             Slain by a wight
             ... wielding a +1 flail
              (6 damage)
             ... on level 3 of the Dungeon.
             The game lasted 00:04:08 (2134 turns).

Ordine the Ruffian (Octopode Shapeshifter)          Turns: 2134, Time: 00:04:09

Health: -3/34      AC:  1    Str: 15    XL:     5   Next: 22%
Magic:  5/5        EV: 13    Int: 13    God:
Gold:   165        SH:  0    Dex: 11    Spells: 4/4 levels left

rFire   . .          .
                       - Unarmed
rCold   . . .        (no shield)
rNeg    . . .        (helmet currently unavailable)
rPois   .            (no amulet)
rElec   .            (no ring)
rCorr   .            (no ring)
SInv    .            (no ring)
Will    .....        (no ring)
Stlth   +++          (no ring)
HPRegen 0.25/turn    (no ring)
MPRegen 0.09/turn    (no ring)
                     (no ring)

%: no passive effects
@: mighty, beast-form
A: beast (slay +1), almost no armour, amphibious, 8 rings, camouflage 1,
gelatinous body 1, (nimble swimmer 1), tentacles
a: Begin Untransformation


You were on level 3 of the Dungeon.
You were a hulking beast.
You visited 1 branch of the dungeon, and saw 3 of its levels.

You collected 165 gold pieces.

Inventory:

Jewellery
 i - the ring "Wigaaw" {Fly Int+5 Dex-5}
   (You found it on level 2 of the Dungeon)

   [ring of flight]

   Int+5:     It affects your intelligence (+5).
   Dex-5:     It affects your dexterity (-5).
   Fly:       It grants you flight.
Talismans
 b - a beast talisman (active)
 c - a flux talisman
 j - a storm talisman
Wands
 k - a wand of quicksilver (9)
Scrolls
 d - 2 scrolls of fear {unknown}
 h - 2 scrolls of amnesia {unknown}
 l - a scroll of noise {unknown}
 m - 2 scrolls of blinking {unknown}
 o - a scroll of poison {unknown}
Potions
 a - a potion of lignification
 e - 2 potions of mutation
 f - 2 potions of might
 g - 2 potions of ambrosia {unknown}
 n - a potion of curing {unknown}


   Skills:
 + Level 2.1 Fighting
 + Level 2.7 Dodging
 + Level 2.4 Stealth
 * Level 4.2 Unarmed Combat
 + Level 3.4 Shapeshifting


You had 4 spell levels left.
You didn't know any spells.
Your spell library contained the following spells:

 Spells                   Type           Power      Damage    Failure   Level
 Slow                     Hex            0%         N/A       30%         1
 Blink                    Tloc           0%         N/A       43%         2
 Lesser Beckoning         Tloc           0%         N/A       43%         2
 Momentum Strike          Conj/Tloc      0%         3d8       43%         2
 Scorch                   Fire           0%         2d5       43%         2
 Confusing Touch          Hex            0%         N/A       67%         3
 Sigil of Binding         Hex            0%         N/A       67%         3
 Vampiric Draining        Necr           0%         2d6       67%         3
 Flame Wave               Conj/Fire      0%         2d4       97%         4
 Summon Cactus Giant      Summ           0%         N/A       100%        6


Dungeon Overview and Level Annotations

Branches:
Dungeon (3/15)

Altars:
Ashenzari
Xom


Innate Abilities, Weirdness & Mutations

You are a hulking beast.
Your limbs bulge with bestial killing power. (Slay +1)
You cannot wear most types of armour.
You are amphibious.
You can wear up to eight rings at the same time.
Your skin changes colour to match your surroundings (Stealth+).
Your rubbery body absorbs attacks. (AC +1, EV +1)
((You are camouflaged when in or above water. (Stealth+)))
You have tentacles for arms and can constrict up to eight enemies at once.


Message History

You kill the worm!
No target in view!
You see here a +0 falchion.
You see here a +0 club.
There is an escape hatch in the floor here.
Found a hand axe.
You see here a +0 hand axe.
The wight hits you with a +0 spear.
You tentacle-slap the wight but do no damage.
You grab the wight. You squeeze the wight.
The wight is moderately damaged.
You constrict the wight, but do no damage.
The wight misses you.
You tentacle-slap the wight.
The wight is moderately damaged.
You constrict the wight. The wight hits you with a +0 spear.
You feel drained.
You tentacle-slap the wight.
The wight is severely damaged.
You constrict the wight. The wight hits you with a +0 spear!
You tentacle-slap the wight.
The wight is almost destroyed.
You constrict the wight. The wight hits you with a +0 spear.
* * * LOW HITPOINT WARNING * * *
You feel drained.
* * * LOW HITPOINT WARNING * * *
The wight barely misses you.
Unknown command.
You feel very mighty all of a sudden.
You constrict the wight.
You destroy the wight!
The wight misses you.
Your life force feels restored.
Your Fighting skill increases to level 2!
Your Unarmed Combat skill increases to level 4!
You have reached level 5!
You feel clever.
You tentacle-slap the wight. Your grab misses the wight.
The wight is moderately damaged.
The wight hits you with a +1 flail.
You die...

.....~~.~~###.#
#############.##
.....~≈~~~....#
.#.............#
...#~~~~......#
.#.#############
#####.≈~~....)# .#.#
≈≈~~≈~z....# .#.#
≈≈~≈~......##.#.#
≈≈~≈~.........#.#
≈≈~~..##.###.##.#
###~........)h..#
#####...#..z#[.#
#####...........#..#
.....###...#..<#..#
#####.........#.#..#
#~~~~~~...#...#.#..#
...~...~.~#...#.#..#
...~~.~≈..#.....#..#
.~~~..≈...#.....#


You could see 2 wights.

Vanquished Creatures
  A wight (D:3)
  3 adders (D:2)
  2 worms
  2 dart slugs
  5 ball pythons
  A bat (D:2)
  An endoplasm (D:1)
  A giant cockroach (D:3)
  10 goblins
  3 hobgoblins
  3 jackals (D:2)
  2 quokkas (D:1)
  9 frilled lizards
  5 kobolds
  5 rats
53 creatures vanquished.

Notes
Turn   | Place    | Note
-------+----------+-------------------------------------------
     0 | D:1      | Ordine the Octopode Shapeshifter began the quest for the
                  | Orb.
     0 | D:1      | Reached XP level 1. HP: 13/13 MP: 1/1
   112 | D:1      | Reached XP level 2. HP: 16/18 MP: 2/2
   229 | D:1      | Reached skill level 1 in Stealth
   551 | D:1      | Reached XP level 3. HP: 23/23 MP: 3/3
   855 | D:2      | Identified the ring "Wigaaw" {Fly Int+5 Dex-5}
   902 | D:2      | Found a faded altar of an unknown god.
  1084 | D:2      | Reached XP level 4. HP: 29/29 MP: 4/4
  1165 | D:2      | Found a shimmering altar of Xom.
  1385 | D:3      | Found a broken altar of Ashenzari.
  2134 | D:3      | Reached skill level 4 in Unarmed Combat
  2134 | D:3      | Reached XP level 5. HP: 3/34 MP: 5/5
  2134 | D:3      | Slain by a wight

Illustrated notes

Levels and vault maps discovered:
D:1:      spicycebolla_green_bress_n_ham, layout_loops_ring, minmay_lizard_pond
D:2:      layout_basic, basic_altar, ebering_ecumenical_altar_box
D:3:      layout_basic, lemuel_crystal_altar, nicolae_dithmenos_shadow_blocks,
          serial_rivers, chequers_serial_rivers_marsh,
          chequers_serial_rivers_micro_e, chequers_serial_rivers_small_a,
          chequers_serial_rivers_large_a, wander_ebering_terrifying_dragon_lair

Skill      XL: |  1  2  3  4 |
---------------+-------------+-----
Stealth        | 1 2 |  2.4
Fighting       | 2 |  2.1
Unarmed Combat | 4 |  4.2
Dodging        | |  2.7
Shapeshifting  | |  3.4

Action                     |  1- 3 |  4- 6 || total
---------------------------+-------+-------++-------
  Melee: Unarmed           |    63 |    36 ||    99
         Constrict         |    17 |     9 ||    26
         Tentacles         |     8 |     2 ||    10
         Punch             |     2 |       ||     2
    Use: Scroll            |       |     2 ||     2
         Potion            |       |     1 ||     1
   Stab: Sleeping          |     4 |     3 ||     7
 Armour: Skin              |    22 |    22 ||    44
  Dodge: Dodged            |    33 |    14 ||    47

Table legend: (Time is in decaauts)
 A = Elapsed time spent in this place.
 B = Non-inter-level travel time spent in this place.
 C = Inter-level travel time spent in this place.
 D = Time resting spent in this place.
 E = Time spent auto-exploring this place.
 F = Levels seen in this place.
 G = Mean time per level.
                   A        B        C        D        E       F      G
               +--------+--------+--------+--------+--------+-----+--------+
         Total |   2130 |   1886 |    244 |     47 |   1508 |   3 |  710.0 |
       Dungeon |   2130 |   1886 |    244 |     47 |   1508 |   3 |  710.0 |
               +--------+--------+--------+--------+--------+-----+--------+

Top non-repeatable levels by time:
     D:1: 820 daAuts
     D:2: 759 daAuts
     D:3: 549 daAuts
